 Dungeon Crawl Stone Soup version 0.25-a0-663-gace7076f2c (webtiles) character file.

Game seed: 9853249334462554550, levelgen mode: deterministic

222 DasRunzen the Slasher (level 5, -10/44 HPs)
             Began as a Demigod Gladiator on Mar 24, 2020.
             Mangled by an ogre
             ... wielding a +0 giant club
              (25 damage)
             ... on level 4 of the Dungeon on Mar 25, 2020.
             The game lasted 00:05:55 (2148 turns).

DasRunzen the Slasher (Demigod Gladiator)           Turns: 2148, Time: 00:05:56

Health: -10/44     AC:  4    Str: 17    XL:     5   Next: 38%
Magic:  10/10      EV: 13    Int: 14    God:
Gold:   194        SH:  0    Dex: 17    Spells: 7/7 levels left

rFire    . . .     SeeInvis .   a - +1 long sword
rCold    . . .     Gourm    .   (no shield)
rNeg     . . .     Faith    .   b - +0 leather armour
rPois    .         Spirit   .   c - +0 helmet
rElec    .         Reflect  .   (no cloak)
rCorr    .         Harm     .   (no gloves)
MR       .....                  (no boots)
Stlth    +.........             (no amulet)
HPRegen  0.14/turn              (no ring)
MPRegen  0.12/turn              (no ring)

@: no status effects
A: high mp 1
a: no special abilities


You were on level 4 of the Dungeon.
You were not hungry.

You visited 1 branch of the dungeon, and saw 4 of its levels.
You also visited: Sewer.

You collected 194 gold pieces.

Inventory:

Hand Weapons
 a - a +1 long sword (weapon)
Missiles
 d - 3 throwing nets (quivered)
Armour
 b - a +0 leather armour (worn)
 c - a +0 helmet (worn)
Wands
 m - a wand of polymorph (4)
Scrolls
 g - 3 scrolls of identify
 k - a scroll of blinking
 o - a scroll of teleportation
 p - a scroll of remove curse
Potions
 e - 2 potions of berserk rage {unknown}
 h - a potion of flight
 i - a potion of heal wounds {unknown}
 j - a potion of stabbing {unknown}
 l - a potion of invisibility {unknown}
 n - a potion of curing {unknown}
Comestibles
 f - 7 rations


   Skills:
 + Level 2.8 Fighting
 + Level 3.5 Long Blades
 - Level 1.7 Throwing
 + Level 2.0 Armour
 + Level 3.5 Dodging
 + Level 1.8 Spellcasting


You had 7 spell levels left.
You didn't know any spells.
Your spell library was empty.

Dungeon Overview and Level Annotations

Branches:
Dungeon (4/15)              Sewer (visited)
 Temple: D:4-7


Innate Abilities, Weirdness & Mutations

You have an increased reservoir of magic. (+10% MP)


Message History

An ogre comes into view. It is wielding a +0 giant club.
The ogre shouts!
The ogre misses you.
You slash the ogre!
The ogre is moderately wounded.
The ogre barely misses you.
You hit the ogre.
The ogre is moderately wounded.
The ogre misses you.
You closely miss the ogre.
The ogre is moderately wounded.
The ogre hits you with a +0 giant club!!
Ouch! That really hurt!
You are too injured to fight recklessly!
You are too injured to fight recklessly!
You hit the ogre.
The ogre is heavily wounded.
The ogre hits you with a +0 giant club!!
Ouch! That really hurt!
You die...

##.....#######
................ ###
####.#.#.)###### ...
###......#
####.#####........##
.........#.........#
.........#.........##
......O......#+#....####
#@.....#.#........
#......#.###..####
+......'.....>#
#......###.#### #......#
#.# ####...# #.# #...#
#.# #...# #.# #...# #.#


You could see an ogre.

Vanquished Creatures
  Purgy (Sewer)
  An iron imp (D:4)
  An adder (D:2)
  An adder skeleton (D:3)
  A worm (D:3)
  2 dart slugs
  4 leopard geckos
  2 orcs (D:3)
  2 ball pythons
  A giant cockroach (D:1)
  9 goblins
  4 hobgoblins
  11 jackals
  14 bats
  6 frilled lizards
  5 kobolds
  10 rats (D:1)
75 creatures vanquished.

Notes
Turn   | Place    | Note
-------+----------+-------------------------------------------
     0 | D:1      | DasRunzen the Demigod Gladiator began the quest for the
                  | Orb.
     0 | D:1      | Reached XP level 1. HP: 17/17 MP: 3/3
    70 | D:1      | Reached XP level 2. HP: 22/24 MP: 4/4
   284 | D:1      | Reached XP level 3. HP: 29/29 MP: 6/6
   650 | D:2      | Reached skill level 1 in Armour
   736 | D:2      | Reached skill level 1 in Spellcasting
  1370 | D:3      | Found a blossoming altar of Fedhas.
  1398 | D:3      | Reached XP level 4. HP: 35/37 MP: 8/8
  1402 | D:3      | Found a shimmering blue altar of Sif Muna.
  1418 | D:3      | Found a glowing drain.
  1434 | Sewer    | Entered a sewer
  1464 | Sewer    | Noticed Purgy
  1484 | Sewer    | Killed Purgy
  1484 | Sewer    | Reached XP level 5. HP: 26/42 MP: 8/10
  1660 | D:3      | Found a bloodstained altar of Trog.
  1979 | D:4      | Noticed Grinder
  1982 | D:4      | Paralysed by Grinder for 5 turns
  2081 | D:4      | Paralysed by Grinder for 4 turns
  2085 | D:4      | Noticed Grinder
  2085 | D:4      | Grinder changed into Grinder the iron imp
  2091 | D:4      | Killed Grinder the iron imp
  2141 | D:4      | Noticed an ogre
  2148 | D:4      | Mangled by an ogre

Levels and vault maps discovered:
D:1:      lightli_molten_gateway, layout_loops_ring, hex_tiny,
          serial_park_tiny_2
D:2:      layout_basic, hangedman_abyss_or_decor_stabs
D:3:      layout_loops_ring, fedhas_altar_3, old_standard_altar,
          lemuel_doored_altar, cheibrodos_sewer_entry_drain
D:4:      layout_basic, uniq_ijyb, uniq_edmund, uniq_grinder, uniq_eustachio

Skill      XL: |  1  2  3  4  5 |
---------------+----------------+-----
Fighting       | 2 |  2.8
Long Blades    | 3 |  3.5
Dodging        | 3 |  3.5
Armour         | 1 2 |  2.0
Spellcasting   | 1 |  1.8
Throwing       | |  1.7

Action                   |  1- 3 |  4- 6 || total
-------------------------+-------+-------++-------
Melee: Long sword        |   113 |    57 ||   170
Evoke: Wand              |       |     1 ||     1
  Use: Scroll            |     6 |     1 ||     7
       Potion            |       |     1 ||     1
 Stab: Sleeping          |     2 |       ||     2
  Eat: Chunk             |     2 |       ||     2
       Ration            |       |     1 ||     1
Armor: Leather armour    |    44 |    18 ||    62
       Skin              |       |    25 ||    25
Dodge: Dodged            |   105 |    60 ||   165
       Rpst.: Long sword |    36 |    14 ||    50

Table legend:
 A = Non-vault XP
 B = Vault XP
 C = Vault XP percentage of total XP
 D = Non-vault monster count
 E = Vault monster count
 F = Vault count percentage of total count
                 A         B        C        D         E       F
            +---------+---------+-------+---------+---------+-------
      Total |     133 |     185 |  58.2 |      66 |       9 |  12.0
            +---------+---------+-------+---------+---------+-------
        D:1 |      50 |       0 |   0.0 |      32 |       0 |   0.0
        D:2 |      58 |       0 |   0.0 |      23 |       0 |   0.0
        D:3 |      25 |       6 |  19.4 |      11 |       2 |  15.4
        D:4 |       0 |      39 | 100.0 |       0 |       1 | 100.0
      Sewer |       0 |     140 | 100.0 |       0 |       6 | 100.0
            +---------+---------+-------+---------+---------+-------
